 Dungeon Crawl Stone Soup version 0.28-b1-25-g9875b3fc8c (webtiles) character file.

Game seed: 9131943499941713079

3635 pkoi the Archer (level 9, -8/71 HPs)
             Began as a Minotaur Hunter on Feb 1, 2022.
             Mangled by Harold (12 damage)
             ... on level 7 of the Dungeon.
             The game lasted 00:08:46 (9916 turns).

pkoi the Archer (Minotaur Hunter)                   Turns: 9916, Time: 00:08:46

Health: -8/71      AC:  6    Str: 17    XL:     9   Next: 87%
Magic:  8/8        EV: 14    Int: 10    God:
Gold:   254        SH:  0    Dex: 15    Spells: 4/8 levels left

rFire   . . .      SeeInvis .   b - +3 short sword (venom)
rCold   . . .      Faith    .   (no shield)
rNeg    . . .      Spirit   .   x - +2 leather armour {rPois}
rPois   +          Reflect  .   (helmet restricted)
rElec   .          Harm     .   t - +0 cloak
rCorr   .          Rampage  .   (no gloves)
Will    .....                   (no boots)
Stlth   +++.......              (no amulet)
HPRegen 0.21/turn               A - +4 ring of protection
MPRegen 0.11/turn               z - ring of flight

@: mighty, brilliant, marked, corroded, flying
A: horns 2, retaliatory headbutt, clever 1, mutation resistance 1
a: no special abilities


You were on level 7 of the Dungeon.
You visited 1 branch of the dungeon, and saw 7 of its levels.

You collected 462 gold pieces.
You spent 208 gold pieces at shops.

Inventory:

Hand Weapons
 a - a +1 shortbow
 b - a +3 short sword of venom (weapon)
 e - a +0 short sword
Missiles
 d - 36 arrows
 f - 5 throwing nets (quivered)
Armour
 c - a +0 leather armour
 t - a +0 cloak (worn)
 w - a +1 ring mail of fire resistance
 x - a +2 leather armour of poison resistance (worn)
Jewellery
 j - a +6 ring of intelligence
 z - a ring of flight (right hand)
 A - a +4 ring of protection (left hand)
Wands
 r - a wand of acid (6)
 s - a wand of mindburst (19)
 u - a wand of paralysis (13)
Scrolls
 h - 2 scrolls of magic mapping
 k - a scroll of teleportation
 m - 2 scrolls of identify
 v - a scroll of acquirement {unknown}
 y - a scroll of vulnerability {unknown}
Potions
 g - a potion of heal wounds
 i - 2 potions of might
 l - a potion of haste
 n - 2 potions of flight
 o - 2 potions of brilliance
 p - a potion of cancellation
 q - 3 potions of curing


   Skills:
 + Level 3.7 Fighting
 * Level 10.5 Bows
 + Level 5.1 Armour
 + Level 5.4 Dodging
 * Level 7.5 Stealth
 + Level 2.6 Evocations


You had 4 spell levels left.
You knew the following spells:

 Your Spells              Type           Power      Damage    Failure   Level
a - Passage of Golubria   Tloc           0%         N/A       99%         4

Your spell library contained the following spells:

 Spells                   Type           Power      Damage    Failure   Level
 Foxfire                  Conj/Fire      0%         2x1d4     41%         1
 Magic Dart               Conj           0%         1d3       41%         1
 Static Discharge         Conj/Air       0%         N/A       56%         2
 Tukima's Dance           Hex            0%         N/A       80%         3
 Lightning Bolt           Conj/Air       0%         1d11      100%        5
 Yara's Violent Unravell  Hex/Tmut       0%         3d3       100%        5
 Maxwell's Capacitive Co  Air            0%         ∞         100%        8


Dungeon Overview and Level Annotations

Branches:
Dungeon (7/15)
 Temple: D:4-7

Altars:
Fedhas
Sif Muna
Trog

Shops:
D:7 [

Annotations:
D:5 2 runed translucent doors, zeram's ghost, amateur GrFi
D:7 Harold


Innate Abilities, Weirdness & Mutations

You have a pair of horns on your head.
You reflexively headbutt those who attack you in melee.
Your mind is acute. (Int +2)
You are somewhat resistant to further mutation.


Message History

You shoot an arrow. The arrow barely misses Harold.
You shoot an arrow. The arrow hits Harold.
Harold is lightly wounded.
You shoot an arrow.
The arrow hits Harold but does no damage.
Harold zaps a wand.
The bolt of acid hits you!! The acid corrodes you!
You shoot an arrow. The arrow hits Harold.
Harold is lightly wounded.
You shoot an arrow. The arrow barely misses Harold.
Your +3 short sword of venom begins to drip with poison!
b - a +3 short sword of venom (weapon)
Harold throws a throwing net.
The throwing net hits you.
You become entangled in the net!
You struggle against the net.
You struggle against the net.
Harold zaps a wand.
The bolt of acid hits you!!
You struggle against the net.
Harold points at you and mumbles some strange words.
A sentinel's mark forms upon you.
You rip the net and break free!
Harold hits you with a +0 morningstar.
You hit Harold.
Harold is poisoned.
Harold is lightly wounded.
Harold zaps a wand.
The bolt of acid misses you.
Unknown command.
You hit Harold but do no damage.
Harold looks as sick as possible!
You headbutt Harold.
Harold is lightly wounded.
Harold zaps a wand.
The bolt of acid misses you.
It was a potion of brilliance.
You feel clever all of a sudden. Harold barely misses you.
You feel very mighty all of a sudden.
Harold zaps a wand.
The bolt of acid misses you.
You hit Harold but do no damage.
Harold looks as sick as possible!
Harold is lightly wounded.
Harold hits you with a +0 morningstar!!
* * * LOW HITPOINT WARNING * * *
You hit Harold.
Harold is moderately wounded.
Harold hits you with a +0 morningstar!
You die...

.##>...⌠...>##..
.##.........##..
#.#####...#####..
##.##.†'...'[.##..
#..##..'...'..##..
#..#####...#####..
#..##.........##..
#..##.........##..
#@.##.........##..
#@.##.....)...##..
#...####.()####...
#..........)((....
##(####.......)...#
#####((##...##........#
##....(###.....>.......#
#......##.#.............
#.....(.................


You could see Harold (extremely poisoned).

Vanquished Creatures
  Pikel (D:5)
  Maggie (D:7)
  Grinder (D:3)
  Sigmund (D:3)
  A vampire mosquito (D:7)
  A steam dragon (D:4)
  2 water moccasins (D:4)
  Edmund (D:5)
  Duvessa (D:6)
  An ice beast (D:5)
  An orc warrior (D:5)
  2 necrophages
  An ogre (D:5)
  A phantom (D:4)
  A kobold brigand (D:6)
  A gnoll sergeant (D:7)
  2 scorpions
  A wyvern skeleton (D:4)
  Dowan (D:6)
  A water moccasin skeleton (D:5)
  3 howler monkeys
  2 centaur zombies
  A bullfrog skeleton (D:5)
  4 hounds
  2 jellies
  A gnoll shaman (D:7)
  Ijyb (D:5)
  Natasha (thrice) (D:2)
  An iguana (D:4)
  An orc wizard (D:5)
  A killer bee zombie (D:7)
  A hound zombie (D:3)
  2 hound skeletons (D:4)
  A howler monkey skeleton (D:4)
  9 adders
  10 gnolls (D:7)
  A white imp (D:7)
  An ufetubus (D:6)
  2 adder skeletons
  7 worms
  3 dart slugs
  4 orcs
  6 endoplasms
  8 giant cockroaches
  6 goblins
  8 hobgoblins
  6 jackals
  2 quokkas
  9 ball pythons
  9 bats
  5 frilled lizards
  16 kobolds
  A quokka skeleton (D:4)
  6 rats
  A bush (D:3)
167 creatures vanquished.

Vanquished Creatures (others)
  9 plants (D:3)
9 creatures vanquished.

Grand Total: 176 creatures vanquished

Notes
Turn   | Place    | Note
-------+----------+-------------------------------------------
     0 | D:1      | pkoi the Minotaur Hunter began the quest for the Orb.
     0 | D:1      | Reached XP level 1. HP: 18/18 MP: 0/0
   240 | D:1      | Reached XP level 2. HP: 24/25 MP: 1/1
   296 | D:1      | Reached skill level 5 in Bows
   760 | D:1      | Reached skill level 1 in Stealth
   760 | D:1      | Reached XP level 3. HP: 30/30 MP: 2/2
  1789 | D:2      | Gained mutation: You are somewhat resistant to further
                  | mutation. [potion of mutation]
  1789 | D:2      | Gained mutation: Your mind is acute. (Int +2) [potion of
                  | mutation]
  1805 | D:2      | Noticed Natasha
  1810 | D:2      | Killed Natasha
  1811 | D:2      | Reached XP level 4. HP: 22/37 MP: 3/3
  1870 | D:2      | Noticed Natasha
  1875 | D:2      | Killed Natasha
  1876 | D:2      | Reached skill level 6 in Bows
  2292 | D:2      | Reached XP level 5. HP: 35/42 MP: 4/4
  2554 | D:2      | Noticed Natasha
  2559 | D:2      | Killed Natasha
  3042 | D:3      | Noticed Grinder
  3058 | D:3      | Paralysed by Grinder for 2 turns
  3577 | D:3      | Paralysed by Grinder for 2 turns
  3593 | D:3      | Killed Grinder
  3594 | D:3      | Reached skill level 7 in Bows
  3594 | D:3      | Reached XP level 6. HP: 47/50 MP: 5/5
  3661 | D:3      | Noticed Sigmund
  3677 | D:3      | Killed Sigmund
  3678 | D:3      | Reached XP level 7. HP: 12/56 MP: 6/6
  4699 | D:4      | Reached skill level 8 in Bows
  4699 | D:4      | Reached skill level 1 in Armour
  5100 | D:4      | Reached skill level 5 in Stealth
  5326 | D:4      | Noticed a steam dragon
  5332 | D:4      | Killed a steam dragon
  5410 | D:4      | Reached XP level 8. HP: 44/62 MP: 7/7
  6007 | D:4      | Found a blossoming altar of Fedhas.
  6725 | D:5      | Entered Level 5 of the Dungeon
  6768 | D:5      | Reached skill level 9 in Bows
  7265 | D:5      | Found a large runed translucent door.
  7265 | D:5      | Found a large runed translucent door.
  7268 | D:5      | Noticed zeram's ghost (amateur GrFi)
  7369 | D:5      | Learned a level 4 spell: Passage of Golubria
  7384 | D:5      | Found a shimmering blue altar of Sif Muna.
  7606 | D:5      | Got Sif Muna's Reference Book on Attacks
  7612 | D:5      | Found a bloodstained altar of Trog.
  7629 | D:5      | Noticed Ijyb
  7640 | D:5      | Killed Ijyb
  7815 | D:5      | Noticed Edmund
  7824 | D:5      | Killed Edmund
  7869 | D:5      | Noticed Pikel
  7886 | D:5      | Killed Pikel
  7887 | D:5      | Reached skill level 1 in Evocations
  7887 | D:5      | Reached XP level 9. HP: 27/68 MP: 8/8
  8763 | D:6      | Reached skill level 10 in Bows
  8961 | D:6      | Noticed Duvessa
  8962 | D:6      | Noticed Dowan
  8971 | D:6      | Killed Duvessa
  8972 | D:6      | Reached skill level 5 in Dodging
  8975 | D:6      | Killed Dowan
  9220 | D:7      | Found Goasmin's Armour Shoppe.
  9226 | D:7      | Noticed Maggie
  9242 | D:7      | Killed Maggie
  9250 | D:7      | Bought a +2 leather armour of poison resistance for 208
                  | gold pieces
  9445 | D:7      | Reached skill level 5 in Armour
  9876 | D:7      | Noticed Harold
  9916 | D:7      | Mangled by Harold

Illustrated notes

Levels and vault maps discovered:
D:1:      mrwooster_arrival_arrow, layout_basic
D:2:      layout_basic, nicolae_wormholes, uniq_natasha
D:3:      layout_loops_cross, serial_forest, infiniplex_forest_straight_4,
          infiniplex_forest_lined_2, infiniplex_forest_straight_2,
          infiniplex_forest_corner_1, infiniplex_forest_clump_tiny,
          infiniplex_forest_clump_diagonal, infiniplex_forest_lined_room_2,
          infiniplex_forest_clump_double, infiniplex_forest_clump_double,
          hex_large, uniq_grinder, uniq_sigmund
D:4:      layout_basic, lemuel_coloured_pillars_altar, small_statue_intersection
D:5:      layout_cave_pods, nzn_overflow_gifts_of_might_and_magic,
          ebering_ghost_disaster_area, uniq_edmund, uniq_pikel, uniq_ijyb
D:6:      layout_rooms, uniq_duvessa
D:7:      layout_cave_pools, gammafunk_temple_overflow_claw,
          minmay_temple_entry_fiery, serial_gnoll_camp,
          gnoll_camp_mini_doghouse, gnoll_camp_mini_loothouse,
          gnoll_camp_huts_basic, gnoll_camp_medium_02, serial_shops, shop,
          minmay_microvault, uniq_maggie, uniq_crazy_yiuf_cottage, uniq_harold

Skill      XL: |  1  2  3  4  5  6  7  8  9 |
---------------+----------------------------+-----
Bows           | 5 6 7 8 9 10 | 10.5
Stealth        | 1 2 3 4 5 6 7 |  7.5
Armour         | 2 4 5 |  5.1
Dodging        | 3 4 5 |  5.4
Evocations     | 1 2 |  2.6
Fighting       | 3 |  3.7

Action                   |  1- 3 |  4- 6 |  7- 9 || total
-------------------------+-------+-------+-------++-------
Melee: Short sword       |    97 |    79 |   214 ||   390
       Headbutt          |    10 |    16 |    55 ||    81
       Punch             |       |     1 |     2 ||     3
 Fire: Shortbow          |     2 |    15 |   128 ||   145
  Use: Potion            |     6 |     2 |     2 ||    10
       Scroll            |       |     4 |     7 ||    11
 Stab: Sleeping          |       |     4 |    14 ||    18
Armor: Leather armour    |    28 |    26 |    41 ||    95
       Chain mail        |     2 |       |       ||     2
       Ring mail         |       |       |     3 ||     3
Dodge: Dodged            |    59 |    47 |   158 ||   264
